 Dungeon Crawl Stone Soup version 0.26-a0-1080-g4c0aae810e (webtiles) character file.

Game seed: 8555831703943182760

2321 tilp the Transmogrifier (level 9, -12/58 HPs)
             Began as an Octopode Transmuter on Dec 14, 2020.
             Was an Initiate of Ru.
             Mangled by a red ugly thing (13 damage)
             ... on level 7 of the Dungeon.
             The game lasted 00:14:15 (11694 turns).

tilp the Transmogrifier (Octopode Transmuter)      Turns: 11694, Time: 00:14:16

Health: -12/58     AC:  2    Str:  9    XL:     9   Next: 42%
Magic:  13/15      EV: 22    Int: 18    God:    Ru [......]
Gold:   356        SH:  0    Dex: 18    Spells: 1/16 levels left

rFire    + . .     SeeInvis .     - Unarmed
rCold    . . .     Faith    .   (shield currently unavailable)
rNeg     . . .     Spirit   .   (helmet currently unavailable)
rPois    x         Reflect  .   (no amulet)
rElec    .         Harm     .   k - ring of protection from fire
rCorr    .         Rampage  .   o - ring of wizardry
Will     .....                  (no ring)
Stlth    +++.......             (no ring)
HPRegen  0.19/turn              (no ring)
MPRegen  0.14/turn              (no ring)
                                (no ring)
                                (no ring)

@: about to teleport, spider-form
A: tiny, almost no armour, stealthy swim, (amphibious), 8 rings, (constrict 8)
a: End Transformation, Renounce Religion


You were on level 7 of the Dungeon.
You worshipped Ru.
Ru was noncommittal.
You were a venomous arachnid creature.
You visited 2 branches of the dungeon, and saw 8 of its levels.

You collected 356 gold pieces.

Inventory:

Hand Weapons
 s - the +3 short sword of Dismay {holy, Will++ Stlth-}
   (You found it on level 4 of the Dungeon)

   It has been blessed by the Shining One to cause great damage to the undead
   and demons.
   It affects your willpower, your defense against some magical effects.
   It makes you less stealthy.
Missiles
 a - 203 stones
 d - 49 poisoned darts (quivered)
 p - 2 boomerangs
 w - 7 datura-tipped darts
Armour
 q - a +0 buckler (melded)
Jewellery
 g - an uncursed ring of fire
 k - a ring of protection from fire (left front leg)
 o - a ring of wizardry (right front leg)
Scrolls
 b - a scroll of fear {unknown}
 c - a scroll of teleportation
 h - 3 scrolls of identify
 j - a scroll of enchant armour {unknown}
 l - 4 scrolls of remove curse
 m - a scroll of enchant weapon {unknown}
 r - a scroll of fog {unknown}
 u - a scroll of blinking {unknown}
Potions
 e - 4 potions of flight
 i - 3 potions of curing
 n - a potion of ambrosia
 t - a potion of brilliance
 v - a potion of haste {unknown}


   Skills:
 - Level 4.0 Fighting
 - Level 4.0 Dodging
 - Level 4.0 Stealth
 - Level 4.0 Shields
 - Level 4.0 Unarmed Combat
 + Level 4.3 Spellcasting
 + Level 8.2 Transmutations
 + Level 1.5 Ice Magic
 - Level 2.0 Poison Magic


You had one spell level left.
You knew the following spells:

 Your Spells              Type           Power        Failure   Level
a - Beastly Appendage     Tmut           ####..       1%          1
b - Wereblood             Tmut           ####....     1%          2
c - Spider Form           Tmut/Pois      ###.......   6%          3
d - Ice Form              Ice/Tmut       ###.....     16%         4
e - Blade Hands           Tmut           ####......   13%         5

Your spell library contained the following spells:

 Spells                   Type           Power        Failure   Level


Dungeon Overview and Level Annotations

Branches:
Dungeon (7/15)             Temple (1/1) D:7

Altars:
Ashenzari
Cheibriados
Dithmenos
Elyvilon
Fedhas
Gozag
Hepliaklqana
Kikubaaqudgha
Makhleb
Nemelex Xobeh
Okawaru
Qazlal
Ru
Sif Muna
Trog
Uskayaw
Vehumet
Wu Jian
Xom
Yredelemnul
Zin
The Shining One

Shops:
D:4 [   D:5 [

Annotations:
D:2 exclusion: adder, Sigmund
D:5 Ijyb, Menkaure


Innate Abilities, Weirdness & Mutations

You cannot wear most types of armour.
You are very stealthy in the water. (Stealth+)
((You are amphibious.))
You can wear up to eight rings at the same time.
((You can use your tentacles to constrict eight enemies at once.))
((Your skin changes colour to match your surroundings (Stealth+).))
((Your rubbery body absorbs attacks. (AC +1, EV +1)))


Message History

The red ugly thing gurgles horribly!
You can't do that in your present form.
Unknown command.
Unknown command.
You hit the red ugly thing but do no damage.
The red ugly thing barely misses you.
You hit the red ugly thing.
The red ugly thing is poisoned.
The red ugly thing is lightly wounded.
The red ugly thing pecks you!
You are engulfed in flames!
You resist.
You barely miss the red ugly thing.
The red ugly thing is lightly wounded.
The red ugly thing pecks you!
You are engulfed in flames!
You resist.
* * * LOW HITPOINT WARNING * * *
The red ugly thing pecks you!
* * * LOW HITPOINT WARNING * * *
You are engulfed in flames!
You resist.
* * * LOW HITPOINT WARNING * * *
As you read the scroll of teleportation, it crumbles to dust.
You feel strangely unstable. The red ugly thing pecks you!
You die...

#.# ####....#......#.#......#
#.###....#.....#...#....##..u
#..........##..###.#g#......#
####..#.#..##<##...##.#.#....###
#>......#...[.##...##.#g##)###..
##.##.###...#####...##.#..###...#
......# #...#####...##..###...#..
.....## #..........###.......<).#
.....# ####....su......#########
###### #.......###### #.......#
#########


You could see a red ugly thing (poisoned).

Vanquished Creatures
  An ice beast (D:7)
  2 eyes of draining (D:6)
  An orc warrior (D:7)
  A phantom (D:7)
  3 ogres
  2 centaurs
  2 big kobolds (D:6)
  4 bullfrogs (D:7)
  2 scorpions
  A howler monkey (D:6)
  2 jellies (D:7)
  2 orc wizards
  A quasit (D:7)
  A bullfrog skeleton (D:7)
  4 hounds
  4 orc priests
  An iguana (D:5)
  Natasha (thrice) (D:2)
  3 worker ants (D:6)
  A hound zombie (D:6)
  2 hound skeletons
  A gnoll (D:2)
  10 adders
  3 shadow imps
  2 white imps
  3 ufetubi
  3 oozes
  5 worms
  A dart slug (D:1)
  8 leopard geckos
  17 orcs
  8 bats
  7 giant cockroaches
  5 goblins
  13 hobgoblins
  10 jackals
  8 kobolds
  3 quokkas
  3 ball pythons
  2 frilled lizards
  A leopard gecko skeleton (D:4)
  A leopard gecko zombie (D:5)
  6 rats
163 creatures vanquished.

Vanquished Creatures (others)
  4 plants (D:1)
4 creatures vanquished.

Grand Total: 167 creatures vanquished

Notes
Turn   | Place    | Note
-------+----------+-------------------------------------------
     0 | D:1      | tilp the Octopode Transmuter began the quest for the Orb.
     0 | D:1      | Reached XP level 1. HP: 13/13 MP: 3/3
   142 | D:1      | Reached XP level 2. HP: 16/18 MP: 3/5
   419 | D:1      | Learned a level 2 spell: Wereblood
   428 | D:1      | Reached skill level 3 in Transmutations
   783 | D:1      | Reached XP level 3. HP: 15/23 MP: 6/6
   931 | D:2      | Noticed Sigmund
  1359 | D:2      | Noticed Natasha
  1370 | D:2      | Killed Natasha
  1371 | D:2      | Reached skill level 4 in Transmutations
  1371 | D:2      | Reached XP level 4. HP: 18/28 MP: 5/7
  1388 | D:2      | Noticed Natasha
  1403 | D:2      | Killed Natasha
  1866 | D:2      | Noticed a phantom
  2350 | D:2      | Noticed Natasha
  2356 | D:2      | Killed Natasha
  2357 | D:2      | Reached XP level 5. HP: 17/33 MP: 6/8
  3668 | D:3      | Reached skill level 5 in Transmutations
  4259 | D:3      | Reached XP level 6. HP: 38/38 MP: 7/9
  4263 | D:3      | Learned a level 3 spell: Spider Form
  5157 | D:3      | Reached skill level 6 in Transmutations
  5615 | D:4      | Reached skill level 1 in Stealth
  6045 | D:4      | Got a masterwork short sword
  6046 | D:4      | Identified the +3 short sword of Dismay {holy, Will++
                  | Stlth-} (You found it on level 4 of the Dungeon)
  6106 | D:4      | Found Rairash's Armour Emporium.
  6163 | D:4      | Reached XP level 7. HP: 45/45 MP: 8/10
  6201 | D:4      | Learned a level 4 spell: Ice Form
  6237 | D:5      | Entered Level 5 of the Dungeon
  6242 | D:5      | Noticed Menkaure
  6327 | D:5      | Reached skill level 1 in Poison Magic
  7163 | D:5      | Found Kunea's Antique Armour Boutique.
  7519 | D:5      | Noticed Ijyb
  7754 | D:6      | Reached skill level 1 in Shields
  7754 | D:6      | Reached XP level 8. HP: 48/50 MP: 9/13
  7956 | D:6      | Found a bloodstained altar of Trog.
  8085 | D:6      | Reached skill level 7 in Transmutations
  8978 | D:6      | Found a stormy altar of Qazlal.
  9934 | D:6      | Learned a level 5 spell: Blade Hands
  9977 | D:7      | Reached skill level 8 in Transmutations
  9982 | D:7      | Reached XP level 9. HP: 35/55 MP: 10/15
 10310 | D:7      | Found a staircase to the Ecumenical Temple.
 10328 | Temple   | Entered the Ecumenical Temple
 10556 | Temple   | Became a worshipper of Ru the Awakened
 10794 | D:7      | Found a shimmering blue altar of Sif Muna.
 11112 | D:7      | Reached skill level 1 in Ice Magic
 11355 | D:7      | Noticed a red ugly thing
 11691 | D:7      | HP: 1/58 [red ugly thing (7)]
 11694 | D:7      | Mangled by a red ugly thing

Illustrated notes

Levels and vault maps discovered:
D:1:      minmay_arrival_shattered_statue, layout_basic, serial_forest,
          infiniplex_forest_zigzag_2, infiniplex_forest_clump_medium,
          infiniplex_forest_clump_tiny, infiniplex_forest_zigzag_1,
          infiniplex_forest_lined_room_3, infiniplex_forest_clump_small,
          infiniplex_forest_end_2, infiniplex_forest_clump_medium,
          infiniplex_forest_lined_2, infiniplex_forest_lined_3
D:2:      kennysheep_six_static_rooms, layout_loops_ring, uniq_natasha,
          uniq_sigmund
D:3:      layout_basic
D:4:      layout_gridville, serial_shops, kennysheep_little_box
D:5:      layout_rooms, serial_shops, nicolae_shop_behind_doors, uniq_menkaure,
          uniq_ijyb
D:6:      layout_basic, trog_eyes_of_draining, nicolae_qazlal_general_emergency
D:7:      minmay_the_grid_triangle_9x9_rhombus_thin
          [minmay_the_grid_triangle_9x9_negative_grid,
          minmay_the_grid_triangle_9x9_prize_insulated,
          minmay_the_grid_triangle_9x9_dagger,
          minmay_the_grid_triangle_9x9_flanged_cone], layout_rooms,
          minmay_temple_entry_mini_moons, lemuel_blue_sif_altar
Temple:   kilobyte_greek_temple

Skill      XL: |  1  2  3  4  5  6  7  8  9 |
---------------+----------------------------+-----
Transmutations | 3 4 5 6 8 |  8.2
Unarmed Combat | 4 |  4.0
Stealth        | 4 |  4.0
Fighting       | 2 4 |  4.0
Poison Magic   | 2 |  2.0
Spellcasting   | 3 4 |  4.3
Shields        | 1 4 |  4.0
Dodging        | 4 |  4.0
Ice Magic      | 1 |  1.5

Action                   |  1- 3 |  4- 6 |  7- 9 || total
-------------------------+-------+-------+-------++-------
Melee: Unarmed           |    59 |   178 |   272 ||   509
       Constrict         |    16 |    54 |    28 ||    98
       Kick              |    14 |    45 |    28 ||    87
       Tentacles         |    10 |    31 |    29 ||    70
       Punch             |     3 |     4 |     5 ||    12
Throw: Dart              |       |    13 |     1 ||    14
 Cast: Beastly Appendage |    15 |    34 |    16 ||    65
       Wereblood         |     1 |     6 |     6 ||    13
       Spider Form       |       |       |    17 ||    17
       Ice Form          |       |       |     1 ||     1
  Use: Scroll            |     1 |     6 |     3 ||    10
       Potion            |       |       |     2 ||     2
 Stab: Sleeping          |     3 |     8 |     4 ||    15
       Distracted        |       |       |     1 ||     1
Armor: Skin              |     6 |    11 |    11 ||    28
Dodge: Dodged            |    30 |   103 |   191 ||   324
Block: Buckler           |       |       |     4 ||     4

Table legend: (Time is in decaauts)
 A = Elapsed time spent in this place.
 B = Non-inter-level travel time spent in this place.
 C = Inter-level travel time spent in this place.
 D = Time resting spent in this place.
 E = Time spent auto-exploring this place.
 F = Levels seen in this place.
 G = Mean time per level.
                   A        B        C        D        E       F      G
               +--------+--------+--------+--------+--------+-----+--------+
         Total |  11697 |  11357 |    340 |   5111 |   4772 |   8 | 1462.1 |
       Dungeon |  11432 |  11162 |    270 |   5111 |   4581 |   7 | 1633.1 |
        Temple |    264 |    194 |     70 |      0 |    191 |   1 |  264.0 |
               +--------+--------+--------+--------+--------+-----+--------+

Top non-repeatable levels by time:
     D:2: 2696 daAuts
     D:6: 2058 daAuts
     D:3: 1752 daAuts
     D:5: 1556 daAuts
     D:7: 1363 daAuts
     D:4: 1084 daAuts
     D:1: 920 daAuts
  Temple: 264 daAuts
